 Dungeon Crawl Stone Soup version 0.29.0-13-gc9e81de378 (webtiles) character file.

Game seed: 17545227161751222967

11 Ofeo the Shield-Bearer (level 2, -1/27 HPs)
             Began as a Minotaur Fighter on Sept 8, 2022.
             Slain by a kobold
             ... wielding a +2 whip of electrocution
              (20 damage)
             ... on level 2 of the Dungeon.
             The game lasted 00:00:22 (590 turns).

Ofeo the Shield-Bearer (Minotaur Fighter)            Turns: 590, Time: 00:00:22

Health: -1/27      AC:  7    Str: 20    XL:     2   Next: 17%
Magic:  1/1        EV:  9    Int:  5    God:
Gold:   11         SH:  4    Dex:  9    Spells: 1/1 levels left

rFire   . . .      SeeInvis .   a - +0 war axe
rCold   . . .      Faith    .   c - +0 buckler
rNeg    . . .      Spirit   .   b - +0 scale mail
rPois   .          Reflect  .   (helmet restricted)
rElec   .          Harm     .   (no cloak)
rCorr   .          Rampage  .   (no gloves)
Will    .....                   (no boots)
Stlth   ..........              (no amulet)
HPRegen 0.09/turn               (no ring)
MPRegen 0.07/turn               (no ring)

@: no status effects
A: horns 2, retaliatory headbutt
a: no special abilities


You were on level 2 of the Dungeon.
You visited 1 branch of the dungeon, and saw 2 of its levels.

You collected 11 gold pieces.

Inventory:

Hand Weapons
 a - a +0 war axe (weapon)
Armour
 b - a +0 scale mail (worn)
 c - a +0 buckler (worn)
Scrolls
 f - a scroll of teleportation {unknown}
 g - a scroll of identify {unknown}
 h - a scroll of blinking {unknown}
Potions
 d - 2 potions of might {@q4}
 e - a potion of attraction {unknown}
 i - a potion of mutation {unknown}


   Skills:
 + Level 3.8 Fighting
 + Level 2.7 Axes
 + Level 3.8 Armour
 + Level 3.9 Shields


You had one spell level left.
You didn't know any spells.
Your spell library contained the following spells:

 Spells                   Type           Power      Damage    Failure   Level
 Portal Projectile        Hex/Tloc       0%         N/A       99%         3
 Tukima's Dance           Hex            0%         N/A       99%         3
 Blade Hands              Tmut           0%         N/A       100%        5


Dungeon Overview and Level Annotations

Branches:
Dungeon (2/15)

Altars:


Innate Abilities, Weirdness & Mutations

You have a pair of horns on your head.
You reflexively headbutt those who attack you in melee.


Message History

You are too injured to fight recklessly!
You are too injured to fight recklessly!
You are too injured to fight recklessly!
You closely miss the goblin.
The goblin is heavily wounded.
The goblin barely misses you.
You slash the goblin!
You kill the goblin!
Things that are here:
a +0 club; a +0 sling You see here a +3 long sword.
You start resting.
HP restored.
Health restored: 27 You start waiting.
Found 8 stones.
i - a bubbling ruby potion You see here 8 stones.
You see here a +0 leather armour.
You see here a +0 leather armour.
Key pressed, stopping explore.
A kobold comes into view.
It is wielding a +2 whip of electrocution.
The kobold shouts!
A kobold is nearby!
A kobold is nearby!
A kobold is nearby!
A kobold is nearby!
The kobold throws a stone.
The stone barely misses you.
There's nothing to close nearby.
You aren't carrying any items that you can evoke.
The kobold throws a stone.
The stone barely misses you.
Found 5 gold pieces.
The kobold hits you with a +2 whip of electrocution.
You take 3 damage, and have 24/27 hp.
You hit the kobold but do no damage. You headbutt the kobold.
The kobold is moderately wounded.
The kobold hits you with a +2 whip of electrocution.
You are electrocuted!!
Ouch! That really hurt!
You die...

#....#####..#[.# #...##
#.###.. # #...# ##.# ##.
#. #...#####..####.
####.#########....###...
..........# #.#####..##
$.........# #.# #..##
......K...####.####.####
.......@................
..........#############.
..........# ##
###########


You could see a kobold.

Vanquished Creatures
  A worm (D:2)
  2 goblins (D:2)
  2 kobolds
  A quokka (D:2)
  A bat (D:1)
  A frilled lizard (D:1)
8 creatures vanquished.

Notes
Turn   | Place    | Note
-------+----------+-------------------------------------------
     0 | D:1      | Ofeo the Minotaur Fighter began the quest for the Orb.
     0 | D:1      | Reached XP level 1. HP: 19/19 MP: 0/0
   202 | D:2      | Reached XP level 2. HP: 24/27 MP: 1/1
   590 | D:2      | Slain by a kobold

Illustrated notes

Levels and vault maps discovered:
D:1:      ncdulo_halloftheorcs, layout_basic
D:2:      layout_rooms, shapermc_ecumenical_altar_mp_vishouse, basic_altar,
          kennysheep_decorative_pillar, minmay_fractal_squares_5

Action                   || total
-------------------------++-------
Melee: War axe           ||    25
       Headbutt          ||     1
Armor: Scale mail        ||    10
Dodge: Dodged            ||    15
Block: Buckler           ||     6
